 Dungeon Crawl Stone Soup version 0.30-a0-535-g2c0b3469a7 (webtiles) character file.

Game seed: 17568785595065915234

261 M4edhros the Ducker (level 6, -1/63 HPs)
             Began as an Octopode Fighter on Dec 25, 2022.
             Slain by an orc
             ... wielding a +2 short sword of electrocution
              (13 damage)
             ... on level 4 of the Dungeon.
             The game lasted 00:01:50 (2009 turns).

M4edhros the Ducker (Octopode Fighter)              Turns: 2009, Time: 00:01:50

Health: -1/63      AC: 23    Str: 18    XL:     6   Next: 18%
Magic:  6/6        EV:  2    Int: 10    God:
Gold:   144        SH:  5    Dex: 13    Spells: 5/5 levels left

rFire   x . .      SeeInvis .    a - +0 trident
rCold   + . .      Faith    .    b - +0 buckler
rNeg    + . .      Spirit   .    (helmet currently unavailable)
rPois   +          Reflect  .    (no amulet)
rElec   .          Harm     .    t - ring "Mauch" {Ice Str+2}
rCorr   .          Rampage  .    f - ring of positive energy
Will    .....      NoTele   +    (no ring)
Stlth   +                        (no ring)
HPRegen 0.30/turn                (no ring)
MPRegen 0.10/turn                (no ring)
                                 (no ring)
                                 (no ring)

@: tree-form, invisible
A: stationary, stasis, torment immunity, boosted hp, almost no armour,
(amphibious), 8 rings, (camouflage 1), (gelatinous body 1), (nimble swimmer 1),
(tentacles)
a: no special abilities


You were on level 4 of the Dungeon.
You were a tree.
You visited 1 branch of the dungeon, and saw 4 of its levels.

You collected 144 gold pieces.

Inventory:

Hand Weapons
 a - a +0 trident (weapon)
 l - the +3 flail "Dioskuhe" {venom, rElec Will+ Int+5}
   (You found it on level 2 of the Dungeon)

   It poisons the flesh of those it strikes.
   Int:       It affects your intelligence (+5).
   rElec:     It insulates you from electricity.
   Will:      It increases your willpower.
Missiles
 w - 5 poisoned darts (quivered)
Armour
 b - a +0 buckler (worn)
Jewellery
 f - a ring of positive energy (right branch)
 t - the ring "Mauch" (left branch) {Ice Str+2}
   (You found it on level 3 of the Dungeon)

   [ring of ice]

   It enhances your ice magic.
   Str:       It affects your strength (+2).
   rF:        It makes you vulnerable to fire.
   rC:        It protects you from cold.
Scrolls
 e - 4 scrolls of teleportation {unknown}
 g - a scroll of identify {unknown}
 h - a scroll of blinking {unknown}
 i - a scroll of torment {unknown}
 j - a scroll of vulnerability {unknown}
 m - a scroll of immolation {unknown}
 p - a scroll of amnesia {unknown}
 s - a scroll of summoning {unknown}
 u - a scroll of enchant armour {unknown}
Potions
 c - 3 potions of might
 d - a potion of resistance {unknown}
 k - a potion of ambrosia {unknown}
 n - 2 potions of degeneration {unknown}
 o - 5 potions of curing {unknown}
 q - a potion of heal wounds {unknown}


   Skills:
 - Level 3.0 Fighting
 + Level 3.9 Polearms
 + Level 4.5 Dodging
 + Level 4.5 Shields


You had 5 spell levels left.
You didn't know any spells.
Your spell library contained the following spells:

 Spells                   Type           Power      Damage    Failure   Level
 Summon Small Mammal      Summ           0%         N/A       43%         1
 Call Canine Familiar     Summ           0%         N/A       82%         3
 Summon Guardian Golem    Hex/Summ       0%         N/A       82%         3
 Blade Hands              Tmut           0%         N/A       100%        5
 Iron Shot                Conj/Erth      0%         9d1       100%        6
 Animate Armour           Summ/Erth      Unusable   N/A       N/A         4

Dungeon Overview and Level Annotations

Branches:
Dungeon (4/15)
 Temple: D:4-7

Altars:


Innate Abilities, Weirdness & Mutations

You are a tree.
Your roots penetrate the ground, keeping you stationary.
You cannot be teleported.
You are immune to unholy pain and torment.
Your maximum health is greatly increased.
You cannot wear most types of armour.
((You are amphibious.))
You can wear up to eight rings at the same time.
((Your skin changes colour to match your surroundings (Stealth+).))
((Your rubbery body absorbs attacks. (AC +1, EV +1)))
((You are camouflaged when in or above water. (Stealth+)))
((You have tentacles for arms and can constrict up to eight enemies at once.))


Message History

The orc misses you.
You puncture the orc!
You kill the orc!
You constrict the orc priest, but do no damage.
An orc comes into view. It is wielding a +0 hand axe.
The orc completely misses you.
The orc priest hits you with a +0 short sword.
You hit the orc but do no damage. You grab the orc.
You constrict the orc priest.
You constrict the orc, but do no damage.
The ball python barely misses you. The ball python closely misses you.
The orc closely misses you.
The orc priest calls down the wrath of Beogh upon you.
Pain shoots through your body! The ball python bites you.
The ball python grabs you. The ball python constricts you.
You completely miss the ball python. Your grab misses the ball python.
Your squeeze misses the ball python. You constrict the orc priest.
You constrict the orc. The orc closely misses you.
The orc priest hits you with a +0 short sword.
The ball python completely misses you. The ball python constricts you.
The orc priest hits you with a +0 short sword.
* * * LOW HITPOINT WARNING * * *
The orc hits you with a +0 flail.
* * * LOW HITPOINT WARNING * * *
Okay, then.
You escape the ball python's grasp.
You release your grip on the orc priest.
You release your grip on the orc.
Okay, then.
You puncture the ball python!
You kill the ball python!
It was a potion of lignification.
You turn into a tree.
Your roots penetrate the ground.
The orc hits you with a +2 short sword of electrocution.
* * * LOW HITPOINT WARNING * * *
Okay, then.
It was a potion of invisibility.
You fade into invisibility!
The orc hits you but does no damage.
You are electrocuted!
You die...

.........#....#
.........#....#
.........#....#
.....o...#....#
....o....#....#
.......o.#....#
......)oo#)...#
######o##.†..#
#....♣...<...#
#............#
#............#
#......##....#
#......##....#
#......##....#
#......##....#
#............#
#......##....#


You could see an orc priest (unable to see you) and 3 orcs.

Vanquished Creatures
  Sigmund (D:3)
  4 adders
  4 worms
  A dart slug (D:2)
  2 orcs (D:4)
  2 endoplasms
  A giant cockroach (D:2)
  4 goblins
  8 hobgoblins
  5 kobolds
  2 quokkas (D:2)
  5 ball pythons
  5 bats
  3 frilled lizards
  9 rats
56 creatures vanquished.

Notes
Turn   | Place    | Note
-------+----------+-------------------------------------------
     0 | D:1      | M4edhros the Octopode Fighter began the quest for the Orb.
     0 | D:1      | Reached XP level 1. HP: 16/16 MP: 1/1
   241 | D:1      | Reached XP level 2. HP: 21/21 MP: 2/2
   654 | D:2      | Reached XP level 3. HP: 17/26 MP: 3/3
   667 | D:2      | Identified the +3 flail "Dioskuhe" {venom, rElec Will+
                  | Int+5}
   884 | D:2      | Reached XP level 4. HP: 31/31 MP: 4/4
  1251 | D:3      | Noticed Sigmund
  1261 | D:3      | Killed Sigmund
  1262 | D:3      | Reached XP level 5. HP: 25/36 MP: 5/5
  1262 | D:3      | Reached XP level 6. HP: 29/42 MP: 6/6
  1562 | D:3      | Identified the ring "Mauch" {Ice Str+2}
  2009 | D:4      | Slain by an orc

Illustrated notes

Levels and vault maps discovered:
D:1:      minmay_arrival_semitransparent, layout_loops_cross
D:2:      minmay_spotlight, layout_loops_cross, serial_bayou_pond_d,
          hangedman_abyss_or_decor_lesser_grid
D:3:      layout_loops_ring, uniq_sigmund
D:4:      layout_gridville, mainiacjoe_overflow_paths, nrook_mini_vaults,
          uniq_natasha, uniq_robin

Skill      XL: |  1  2  3  4 |
---------------+-------------+-----
Polearms       | 3 |  3.9
Dodging        | 4 |  4.5
Shields        | 4 |  4.5
Fighting       | |  3.0

Action                   |  1- 3 |  4- 6 || total
-------------------------+-------+-------++-------
Melee: Trident           |    56 |    57 ||   113
       Constrict         |     9 |    13 ||    22
       Tentacles         |     7 |     7 ||    14
       Punch             |       |     2 ||     2
  Use: Potion            |       |     2 ||     2
 Stab: Sleeping          |     9 |     3 ||    12
Armor: Skin              |     1 |     3 ||     4
Dodge: Dodged            |     9 |    25 ||    34
Block: Buckler           |     6 |     3 ||     9

Table legend: (Time is in decaauts)
 A = Elapsed time spent in this place.
 B = Non-inter-level travel time spent in this place.
 C = Inter-level travel time spent in this place.
 D = Time resting spent in this place.
 E = Time spent auto-exploring this place.
 F = Levels seen in this place.
 G = Mean time per level.
                   A        B        C        D        E       F      G
               +--------+--------+--------+--------+--------+-----+--------+
         Total |   2030 |   1925 |    105 |     64 |   1523 |   4 |  507.5 |
       Dungeon |   2030 |   1925 |    105 |     64 |   1523 |   4 |  507.5 |
               +--------+--------+--------+--------+--------+-----+--------+

Top non-repeatable levels by time:
     D:3: 722 daAuts
     D:2: 636 daAuts
     D:1: 631 daAuts
     D:4: 40 daAuts
